TOP OF THE 1ST |
Rancho Cucamonga Sick Monkeys batting - Pitching for Palmyra Overlords : RHP Juan Vera
|
Pitching: RHP Juan Vera
|
|
Batting: RHB Bartolo Moreno
|
0-0: Called Strike 0-1: Swinging Strike 0-2: Strikes out swinging
|
Batting: SHB Jimmy Mayer
|
0-0: Foul Ball, location: 2F 0-1: Foul Ball, location: 2F 0-2: Reached on error, E6 (Line Drive, 6)
|
Batting: RHB Marvin Montgomery
|
0-0: Ball Pickoff Throw to First - Out! 1-0: Fly out, F8 (Flyball, 8RD)
|
Top of the 1st over - 0 runs, 0 hits, 1 error, 0 left on base; Rancho Cucamonga 0 - Palmyra 0 |
BOTTOM OF THE 1ST |
Palmyra Overlords batting - Pitching for Rancho Cucamonga Sick Monkeys : RHP Edwin Boone
|
Pitching: RHP Edwin Boone
|
|
Batting: SHB Bruno Ardinghi
|
0-0: Ball 1-0: Fly out, F9 (Flyball, 9)
|
Batting: LHB Bill McHone
|
0-0: Ball 1-0: Ball 2-0: Ball 3-0: Swinging Strike 3-1: Base on Balls
|
Batting: LHB Miguel Gamboa
|
0-0: Called Strike 0-1: Ball 1-1: Ball 2-1: Called Strike 2-2: Foul Ball, location: 2F 2-2: Strikes out looking
|
Batting: LHB Howard Anderson
|
0-0: Ball 1-0: SINGLE (Groundball, 56D) Bill McHone to second
|
Batting: LHB Claudio Arce
|
0-0: Ball 1-0: Ground out 3-1 (Groundball, 34)
|
Bottom of the 1st over - 0 runs, 1 hit, 0 errors, 2 left on base; Rancho Cucamonga 0 - Palmyra 0 |
TOP OF THE 2ND |
Rancho Cucamonga Sick Monkeys batting - Pitching for Palmyra Overlords : RHP Juan Vera
|
Batting: LHB Bill Turner
|
0-0: Called Strike 0-1: DOUBLE (Flyball, 78XD)
|
Batting: SHB Orlando Lópes
|
0-0: Foul Ball, location: 2F 0-1: Reached on error, E5 (Groundball, 5) Bill Turner to third
|
Batting: RHB Scott Elliott
|
0-0: Swinging Strike 0-1: Fielders Choice at 2nd, 6-4 (Groundball, 6) Bill Turner scores
|
Batting: LHB Gene Cherry
|
0-0: Ball 1-0: Called Strike 1-1: Fly out, F5 (Line Drive, 56)
|
Batting: RHB Pedro Morales
|
0-0: Ball 1-0: Swinging Strike 1-1: Ball 2-1: Foul Ball, location: 2F 2-2: Foul Ball, location: 2F 2-2: Strikes out swinging
|
Top of the 2nd over - 1 run, 1 hit, 1 error, 1 left on base; Rancho Cucamonga 1 - Palmyra 0 |
BOTTOM OF THE 2ND |
Palmyra Overlords batting - Pitching for Rancho Cucamonga Sick Monkeys : RHP Edwin Boone
|
Batting: LHB Jaime Flores
|
0-0: Foul Ball, location: 2F 0-1: Ball 1-1: Foul Ball, location: 2F 1-2: Fly out, F9 (Flyball, 9LM)
|
Batting: RHB Jesús Salazar
|
0-0: Foul Ball, location: 2F 0-1: Ground out 4-3 (Groundball, 4M)
|
Batting: LHB José Gómez
|
0-0: Ball 1-0: Foul Ball, location: 2F 1-1: Foul Ball, location: 2F 1-2: Ball 2-2: Strikes out swinging
|
Bottom of the 2nd over - 0 runs, 0 hits, 0 errors, 0 left on base; Rancho Cucamonga 1 - Palmyra 0 |
TOP OF THE 3RD |
Rancho Cucamonga Sick Monkeys batting - Pitching for Palmyra Overlords : RHP Juan Vera
|
Batting: RHB Jackson Walker
|
0-0: Called Strike 0-1: Foul Ball, location: 2F 0-2: Ground out U3 (Groundball, 34S)
|
Batting: RHB Bartolo Moreno
|
0-0: Ball 1-0: Ball 2-0: Ball 3-0: Called Strike 3-1: Called Strike 3-2: Foul Ball, location: 2F 3-2: SINGLE (Groundball, 56D)
|
Batting: SHB Jimmy Mayer
|
0-0: Ball 1-0: Fly out, F6 (Line Drive, 6M)
|
Batting: RHB Marvin Montgomery
|
0-0: Called Strike 0-1: Ball 1-1: Foul Ball, location: 2F 1-2: Ball 2-2: Foul Ball, location: 2F 2-2: Ball Throwing error on steal attempt, E2 Bartolo Moreno to third 3-2: Foul Ball, location: 2F 3-2: Base on Balls
|
Batting: LHB Bill Turner
|
0-0: Foul Ball, location: 2F 0-1: Ball 1-1: Fly out, F9 (Flyball, 89D)
|
Top of the 3rd over - 0 runs, 1 hit, 1 error, 2 left on base; Rancho Cucamonga 1 - Palmyra 0 |
BOTTOM OF THE 3RD |
Palmyra Overlords batting - Pitching for Rancho Cucamonga Sick Monkeys : RHP Edwin Boone
|
Batting: RHB Rafael Castro
|
0-0: Swinging Strike 0-1: Called Strike 0-2: Fly out, F8 (Flyball, 78S)
|
Batting: SHB Bruno Ardinghi
|
0-0: Called Strike 0-1: Ball 1-1: Swinging Strike 1-2: TRIPLE (Line Drive, 8RXD)
|
Batting: LHB Bill McHone
|
0-0: Ground out 4-3 (Groundball, 4) Bruno Ardinghi scores
|
Batting: LHB Miguel Gamboa
|
0-0: Called Strike 0-1: Ball 1-1: Ball 2-1: Swinging Strike 2-2: DOUBLE (Line Drive, 7D)
|
Batting: LHB Howard Anderson
|
0-0: Called Strike 0-1: Ball 1-1: Called Strike 1-2: Ball 2-2: Ball 3-2: Ground out 5-3 (Groundball, 5)
|
Bottom of the 3rd over - 1 run, 2 hits, 0 errors, 1 left on base; Rancho Cucamonga 1 - Palmyra 1 |
TOP OF THE 4TH |
Rancho Cucamonga Sick Monkeys batting - Pitching for Palmyra Overlords : RHP Juan Vera
|
Batting: SHB Orlando Lópes
|
0-0: Ball 1-0: Fly out, F8 (Flyball, 8LM)
|
Batting: RHB Scott Elliott
|
Error on foul ball, E2 0-1: Ball 1-1: Ball 2-1: SINGLE (Line Drive, 6M)
|
Batting: LHB Gene Cherry
|
0-0: Foul Ball, location: 2F 0-1: Ball 1-1: Foul Ball, location: 2F 1-2: Ball 2-2: DOUBLE (Flyball, 8LXD) Scott Elliott to third
|
Batting: RHB Pedro Morales
|
0-0: Ball 1-0: Fly out, F8 (Flyball, 8RD) Runner from 3rd tags up, SCORES, no throw
|
Batting: RHB Jackson Walker
|
0-0: Ball 1-0: Foul Ball, location: 2F 1-1: Ground out U3 (Groundball, 34S)
|
Top of the 4th over - 1 run, 2 hits, 1 error, 1 left on base; Rancho Cucamonga 2 - Palmyra 1 |
BOTTOM OF THE 4TH |
Palmyra Overlords batting - Pitching for Rancho Cucamonga Sick Monkeys : RHP Edwin Boone
|
Batting: LHB Claudio Arce
|
0-0: Ball 1-0: Swinging Strike 1-1: Foul Ball, location: 2F 1-2: Strikes out swinging
|
Batting: LHB Jaime Flores
|
0-0: Ball 1-0: Called Strike 1-1: Called Strike 1-2: Foul Ball, location: 2F 1-2: Fly out, F5 (Popup, 6S)
|
Batting: RHB Jesús Salazar
|
0-0: Foul Ball, location: 2F 0-1: Ball 1-1: Fly out, F8 (Flyball, 8LM)
|
Bottom of the 4th over - 0 runs, 0 hits, 0 errors, 0 left on base; Rancho Cucamonga 2 - Palmyra 1 |
TOP OF THE 5TH |
Rancho Cucamonga Sick Monkeys batting - Pitching for Palmyra Overlords : RHP Juan Vera
|
Batting: RHB Bartolo Moreno
|
0-0: Ball 1-0: SINGLE (Groundball, 56D)
|
Batting: SHB Jimmy Mayer
|
0-0: Fly out, F9 (Line Drive, 9)
|
Batting: RHB Marvin Montgomery
|
0-0: Ball Pickoff Throw to First - Out! 1-0: Swinging Strike 1-1: Ball 2-1: Fly out, F8 (Flyball, 8LM)
|
Top of the 5th over - 0 runs, 1 hit, 0 errors, 0 left on base; Rancho Cucamonga 2 - Palmyra 1 |
BOTTOM OF THE 5TH |
Palmyra Overlords batting - Pitching for Rancho Cucamonga Sick Monkeys : RHP Edwin Boone
|
Batting: LHB José Gómez
|
0-0: SINGLE (Flyball, 7S)
|
Batting: RHB Rafael Castro
|
0-0: Ball 1-0: Foul Ball, location: 2F 1-1: Ball 2-1: Ball 3-1: Grounds into double play, 6-4-3 (Groundball, 6)
|
Batting: SHB Bruno Ardinghi
|
0-0: Ball 1-0: Foul Ball, location: 2F 1-1: Called Strike 1-2: Ball 2-2: Foul Ball, location: 2F 2-2: Foul Ball, location: 2F 2-2: Ball 3-2: Fly out, F4 (Line Drive, 4)
|
Bottom of the 5th over - 0 runs, 1 hit, 0 errors, 0 left on base; Rancho Cucamonga 2 - Palmyra 1 |
TOP OF THE 6TH |
Rancho Cucamonga Sick Monkeys batting - Pitching for Palmyra Overlords : RHP Juan Vera
|
Batting: LHB Bill Turner
|
0-0: Foul Ball, location: 2F 0-1: Ground out 4-3 (Groundball, 4D)
|
Batting: SHB Orlando Lópes
|
0-0: Ground out 5-3 (Groundball, 5)
|
Batting: RHB Scott Elliott
|
0-0: Called Strike 0-1: Ball 1-1: Ball 2-1: Foul Ball, location: 2F 2-2: Ball 3-2: SINGLE (Flyball, 89S)
|
Batting: LHB Gene Cherry
|
0-0: Called Strike 0-1: Called Strike 0-2: Ball 1-2: Ground out 4-3 (Groundball, 34)
|
Top of the 6th over - 0 runs, 1 hit, 0 errors, 1 left on base; Rancho Cucamonga 2 - Palmyra 1 |
BOTTOM OF THE 6TH |
Palmyra Overlords batting - Pitching for Rancho Cucamonga Sick Monkeys : RHP Edwin Boone
|
Batting: LHB Bill McHone
|
0-0: Ball 1-0: Called Strike 1-1: Foul Ball, location: 2F 1-2: Fly out, F8 (Flyball, 8LM)
|
Batting: LHB Miguel Gamboa
|
0-0: Ball 1-0: Foul Ball, location: 2F 1-1: SINGLE (Line Drive, 4MD)
|
Batting: LHB Howard Anderson
|
0-0: Foul Ball, location: 2F 0-1: Ball 1-1: Ball 2-1: Fly out, F8 (Flyball, 78D)
|
Batting: LHB Claudio Arce
|
0-0: Called Strike 0-1: Ball Wild Pitch! Miguel Gamboa to second 1-1: Fly out, F7 (Line Drive, 78D)
|
Bottom of the 6th over - 0 runs, 1 hit, 0 errors, 1 left on base; Rancho Cucamonga 2 - Palmyra 1 |
TOP OF THE 7TH |
Rancho Cucamonga Sick Monkeys batting - Pitching for Palmyra Overlords : RHP Juan Vera
|
Batting: RHB Pedro Morales
|
0-0: Foul Ball, location: 2F 0-1: Fly out, F8 (Flyball, 78S)
|
Batting: RHB Jackson Walker
|
0-0: Fly out, F8 (Flyball, 89D)
|
Batting: RHB Bartolo Moreno
|
0-0: Swinging Strike 0-1: SINGLE (Line Drive, 34)
|
Batting: SHB Jimmy Mayer
|
0-0: Swinging Strike 0-1: Called Strike 0-2: Ball 1-2: Strikes out looking
|
Top of the 7th over - 0 runs, 1 hit, 0 errors, 1 left on base; Rancho Cucamonga 2 - Palmyra 1 |
BOTTOM OF THE 7TH |
Palmyra Overlords batting - Pitching for Rancho Cucamonga Sick Monkeys : RHP Edwin Boone
|
Batting: LHB Jaime Flores
|
0-0: Called Strike 0-1: Foul Ball, location: 2F 0-2: Strikes out swinging
|
Batting: RHB Jesús Salazar
|
0-0: Swinging Strike 0-1: Ball 1-1: Ball 2-1: Fly out, F4 (Popup, 4M)
|
Batting: LHB José Gómez
|
0-0: Ball 1-0: Called Strike 1-1: Reached via error on a dropped throw, E1
|
Pinch Hitting: RHB Enrico Castro
|
0-0: Swinging Strike 0-1: Ball 1-1: DOUBLE (Line Drive, 7LS) José Gómez to third Runner from 3rd tries for Home, SAFE, no throw
|
Batting: SHB Bruno Ardinghi
|
0-0: Fly out, F9 (Flyball, 9D)
|
Bottom of the 7th over - 1 run, 1 hit, 1 error, 1 left on base; Rancho Cucamonga 2 - Palmyra 2 |
TOP OF THE 8TH |
Rancho Cucamonga Sick Monkeys batting - Pitching for Palmyra Overlords : RHP Juan Vera
|
Now at SS: Robinson Núñez
|
|
Pinch Hitting: LHB Rubén Deleón
|
0-0: Ball 1-0: DOUBLE (Line Drive, 9LM)
|
Batting: LHB Bill Turner
|
0-0: Called Strike 0-1: Called Strike 0-2: Ball 1-2: Ball 2-2: Ball 3-2: Base on Balls
|
Pitching: LHP Anthony Martínez
|
|
Batting: SHB Orlando Lópes
|
0-0: Called Strike 0-1: Ball 1-1: Ball 2-1: Ball 3-1: Base on Balls Rubén Deleón to third Bill Turner to second
|
Batting: RHB Scott Elliott
|
0-0: Swinging Strike 0-1: GRAND SLAM HOME RUN (Line Drive, 7LD), Distance : 372 ft
|
Pitching: LHP Raúl Luján
|
|
Batting: LHB Gene Cherry
|
0-0: Ball 1-0: Foul Ball, location: 2F 1-1: Ball 2-1: Ball 3-1: SINGLE (Groundball, 56D)
|
Batting: RHB Pedro Morales
|
0-0: Sac Bunt - play at first, batter safe! Gene Cherry to second
|
Batting: RHB Jackson Walker
|
0-0: Ball 1-0: Foul Ball, location: 2F 1-1: Foul Ball, location: 2F 1-2: Ball 2-2: Ball 3-2: Strikes out swinging
|
Batting: RHB Bartolo Moreno
|
0-0: Ball 1-0: Foul Ball, location: 2F 1-1: Ball 2-1: Foul Ball, location: 2F 2-2: Foul Ball, location: 2F 2-2: Foul Ball, location: 2F 2-2: Hit by Pitch Gene Cherry to third Pedro Morales to second
|
Batting: SHB Jimmy Mayer
|
0-0: Called Strike 0-1: Ball 1-1: Grounds into fielders choice 6-2 (Groundball, 6) Pedro Morales to third Bartolo Moreno to second
|
Batting: LHB Rubén Deleón
|
0-0: Ball 1-0: Ball 2-0: Ball 3-0: Base on Balls Pedro Morales scores Bartolo Moreno to third Jimmy Mayer to second
|
Batting: LHB Bill Turner
|
0-0: Ball 1-0: Ball 2-0: DOUBLE (Flyball, 89D) Bartolo Moreno scores Jimmy Mayer scores Rubén Deleón to third
|
Batting: SHB Orlando Lópes
|
0-0: Fly out, F9 (Flyball, 9LS)
|
Top of the 8th over - 7 runs, 5 hits, 0 errors, 2 left on base; Rancho Cucamonga 9 - Palmyra 2 |
BOTTOM OF THE 8TH |
Palmyra Overlords batting - Pitching for Rancho Cucamonga Sick Monkeys : RHP Edwin Boone
|
Now at C: Greg Burnett
|
|
Now at 3B: Harry Ray
|
|
Now in LF: Norm Martin
|
|
Batting: LHB Bill McHone
|
0-0: Ball 1-0: Ball 2-0: Ball 3-0: Base on Balls
|
Batting: LHB Miguel Gamboa
|
0-0: Ball 1-0: Ball 2-0: Called Strike 2-1: Fly out, F4 (Flyball, 4D)
|
Pitching: RHP Pedro Guaneri
|
|
Batting: LHB Howard Anderson
|
0-0: Ball 1-0: Ball 2-0: Ball 3-0: Base on Balls Bill McHone to second
|
Batting: LHB Claudio Arce
|
0-0: Fielders Choice at 2nd, 6-4 (Groundball, 6) Bill McHone to third
|
Batting: LHB Jaime Flores
|
0-0: Ball 1-0: Ball 2-0: Ball 3-0: Called Strike 3-1: Foul Ball, location: 2F 3-2: Foul Ball, location: 2F 3-2: Foul Ball, location: 2F 3-2: 3-RUN HOME RUN (Flyball, 9D), Distance : 401 ft
|
Pitching: RHP Carlos Fernández
|
|
Batting: RHB Jesús Salazar
|
0-0: Ball 1-0: Fly out, F9 (Flyball, 9)
|
Bottom of the 8th over - 3 runs, 1 hit, 0 errors, 0 left on base; Rancho Cucamonga 9 - Palmyra 5 |
TOP OF THE 9TH |
Rancho Cucamonga Sick Monkeys batting - Pitching for Palmyra Overlords : LHP Raúl Luján
|
Pitching: RHP Tim Whitacre
|
|
Batting: RHB Scott Elliott
|
0-0: Ball 1-0: Foul Ball, location: 2F 1-1: Called Strike 1-2: Hit by Pitch
|
Batting: LHB Gene Cherry
|
0-0: Ball 1-0: Swinging Strike 1-1: Sac Bunt - play at first, batter OUT! 1-3 Scott Elliott to second
|
Batting: RHB Pedro Morales
|
0-0: Intentional Walk
|
Batting: RHB Jackson Walker
|
0-0: Called Strike 0-1: Ball 1-1: Swinging Strike 1-2: Fly out, F7 (Flyball, 7LS)
|
Batting: RHB Bartolo Moreno
|
0-0: Called Strike 0-1: Swinging Strike 0-2: Strikes out swinging
|
Top of the 9th over - 0 runs, 0 hits, 0 errors, 2 left on base; Rancho Cucamonga 9 - Palmyra 5 |
BOTTOM OF THE 9TH |
Palmyra Overlords batting - Pitching for Rancho Cucamonga Sick Monkeys : RHP Carlos Fernández
|
Batting: LHB José Gómez
|
0-0: SOLO HOME RUN (Flyball, 8LD), Distance : 448 ft
|
Batting: RHB Robinson Núñez
|
0-0: Called Strike 0-1: Fly out, F7 (Flyball, 78S)
|
Batting: SHB Bruno Ardinghi
|
0-0: Foul Ball, location: 2F 0-1: Ball 1-1: Fly out, F9 (Flyball, 9S)
|
Batting: LHB Bill McHone
|
0-0: Foul Ball, location: 2F 0-1: SINGLE (Groundball, 4MD)
|
Batting: LHB Miguel Gamboa
|
0-0: Called Strike 0-1: Swinging Strike 0-2: Strikes out swinging
|
Bottom of the 9th over - 1 run, 2 hits, 0 errors, 1 left on base; Rancho Cucamonga 9 - Palmyra 6 |
|